AoeStats
← 海峡

Four Lakes

507900679Analyzed
1v1 RM · 13d ago on Sep 20, 2026· 51m 22s· 2 players
Game mode
Random Map
Map size
Tiny (2 player)
Population
200
Speed
Normal
Resources
Standard
Victory
Conquest
Starting age
Dark Age
Ending age
Imperial Age
RankedLock teamsTeams togetherTeam positionsShared explorationLock speedFull tech treeHidden civsTurbo modeCheats
Victory
Defeat
🇻🇳 Persians · Vietnam
1842
+9
🇨🇳 Inca · China
1684
-9
HT229
7:35 Loom
9:35 Feudal Age
10:06 Double-Bit Axe
15:27 Castle Age
16:07 Medium Warships
15:40 Fishing Lines
16:17 Bow Saw
20:29 Gillnets
21:38 Gold Mining
25:59 Imperial Age
23:32 Fletching
24:47 Bodkin Arrow
24:53 Padded Archer Armor
26:24 Thumb Ring
27:25 Chemistry
27:17 Parthian Tactics
28:27 Ballistics
29:06 Husbandry
35:20 Leather Archer Armor
36:50 Conscription
41:28 Ring Archer Armor
42:27 Scale Barding Armor
42:33 Forging
45:20 Chain Barding Armor
46:14 Bloodlines
45:50 Cavalier
47:06 Plate Barding Armor
47:07 Iron Casting
47:21 Light Cavalry
50:28 Wheelbarrow
49:34 Horse Collar
51:36 Heavy Plow
海峡
11:13 Feudal Age
9:53 Loom
11:57 Double-Bit Axe
11:43 Champi Runner
16:42 Castle Age
14:39 Gold Mining
15:54 Forging
15:46 Fishing Lines
16:47 Scale Mail Armor
17:54 Medium Warships
18:39 Bow Saw
18:01 Champi Warrior
21:43 Gillnets
23:19 Arson
25:02 Iron Casting
25:30 Bow Saw
26:58 Chain Mail Armor
27:38 Squires
35:37 Wheelbarrow
40:57 Imperial Age
41:04 Elite Champi Warrior
42:15 Plate Mail Armor
42:46 Blast Furnace
42:31 Gold Shaft Mining
41:44 Elite Skirmisher
42:39 Fletching
42:49 Padded Archer Armor
43:26 Hand Cart
45:07 Guilds
45:46 Bodkin Arrow
46:33 Ballistics
46:32 Bracer
46:48 Leather Archer Armor
48:06 Chemistry
Connection lost

Rejoining the realm…

Still unreachable

The connection could not be restored.

Session expired

The server has moved on; the page needs a fresh start.